 Dungeon Crawl Stone Soup version 0.18-a0-1639-g7533f42 (webtiles) character file.

147 M4edhros the Vandal (level 5, -6/34 HPs)
             Began as an Octopode Hunter on Mar 27, 2016.
             Killed by divine providence
             ... invoked by an orc priest
              (11 damage)
             ... on level 3 of the Dungeon.
             The game lasted 00:02:57 (2671 turns).

M4edhros the Vandal (Octopode Hunter)               Turns: 2671, Time: 00:02:57

Health: -6/34      AC:  1    Str: 12    XL:     5   Next: 29%
Magic:  5/5        EV: 12    Int: 13    God:
Gold:   176        SH:  0    Dex: 13    Spells: 0 memorised, 4 levels left

rFire  . . .     SeeInvis .     f - +0 spear
rCold  . . .     Gourm    .     (no shield)
rNeg   . . .     Faith    .     (helmet restricted)
rPois  .         Spirit   .     p - amulet of rage
rElec  .         Dismiss  .     (no ring)
rCorr  .         Reflect  .     (no ring)
SustAt .         Harm     .     (no ring)
MR     .....                    (no ring)
Stlth  +++.......               (no ring)
                                (no ring)
                                (no ring)
                                (no ring)

@: not resistant to hostile enchantments, fairly stealthy
A: almost no armour, amphibious, 8 rings, constrict 8, camouflage 1, gelatinous
body 1
a: Evoke Berserk Rage


You were on level 3 of the Dungeon.
You were hungry.

You visited 1 branch of the dungeon, and saw 3 of its levels.

You collected 176 gold pieces.

Inventory:

Hand Weapons
 a - a +1 hunting sling
 b - a +0 short sword
 f - a +0 spear (weapon)
Missiles
 c - 20 sling bullets
 k - 48 stones (quivered)
 l - a throwing net
 o - 13 silver sling bullets
 q - 11 poisoned needles
Jewellery
 p - an amulet of rage (around mantle)
Scrolls
 e - 3 scrolls of identify {unknown}
 h - a scroll of teleportation {unknown}
 j - a scroll of blinking {unknown}
 m - 3 scrolls of fog {unknown}
 n - a scroll of remove curse {unknown}
Potions
 g - 3 potions of lignification
Comestibles
 d - 2 bread rations
 i - a beef jerky


   Skills:
 - Level 2.0 Fighting
 + Level 6.4 Slings
 - Level 2.0 Dodging
 - Level 1.3 Stealth


You had 4 spell levels left.
You didn't know any spells.

Dungeon Overview and Level Annotations

Branches:
Dungeon (3/15)

Altars:


Innate Abilities, Weirdness & Mutations

You cannot wear most types of armour.
You are amphibious.
You can wear up to eight rings at the same time.
You can use your tentacles to constrict eight enemies at once.
Your skin changes colour to match your surroundings (Stealth).
Your rubbery body absorbs attacks (AC +1).


Message History

Pain shoots through your body!
The orc shouts!
The orc priest hits you.
You bump into the rock wall.
You feel less confused. The orc priest misses you. The rat bites you.
* * * LOW HITPOINT WARNING * * *
The orc closely misses you.
The orc shouts!
Drink which item? (? for menu, Esc to quit)
Okay, then.
Read which item? (? for menu, Esc to quit)
Okay, then.
You closely miss the orc priest. You grab the orc priest.
You constrict the orc priest. The orc priest hits you.
* * * LOW HITPOINT WARNING * * *
You release your grip on the orc priest.
The orc priest calls down the wrath of Beogh upon you.
Beogh smites you!
You die...

#........# #........#
#........########....<...##
#.................oo.......
#........#.....o...ro....#
#(.......#.......##.###....
#####.####.......##.###....
#>..........oo.o.......
######.......######....
#......@#..........
#.......#...........
#.......#...........
#.....#............
#.....#..........#
#.....#..........#
#...).#..........#
####.....#..........#
#.........#####....##


You could see an orc priest and 2 orcs.

Vanquished Creatures
  4 gnolls (D:2)
  4 adders
  An ooze (D:1)
  4 worms (D:2)
  3 giant geckos
  An orc (D:3)
  3 giant cockroaches
  4 goblins
  6 hobgoblins
  8 kobolds
  A quokka (D:2)
  5 bats
  6 giant newts
  8 rats
58 creatures vanquished.

Notes
Turn   | Place    | Note
--------------------------------------------------------------
     0 | D:1      | M4edhros the Octopode Hunter began the quest for the Orb.
     0 | D:1      | Reached XP level 1. HP: 14/14 MP: 1/1
   150 | D:1      | Reached XP level 2. HP: 8/19 MP: 2/2
   777 | D:1      | Reached XP level 3. HP: 20/24 MP: 3/3
   914 | D:2      | Reached skill level 5 in Slings
  1494 | D:2      | Reached XP level 4. HP: 21/29 MP: 4/4
  1769 | D:2      | Reached skill level 6 in Slings
  1876 | D:2      | Reached XP level 5. HP: 24/34 MP: 5/5
  2671 | D:3      | Killed from afar by an orc priest

Vault maps used:
D:1:      dpeg_arrival_concentric_ovals
D:2:      st_stairs_11

Skill      XL: |  1  2  3  4 |
---------------+-------------+-----
Slings         | 5 6 |  6.4
Fighting       | |  2.0
Dodging        | |  2.0
Stealth        | |  1.3

Action                   |  1- 3 |  4- 6 || total
-------------------------+-------+-------++-------
Melee: Spear             |   112 |    62 ||   174
       Short sword       |     3 |       ||     3
  Use: Potion            |     3 |       ||     3
 Stab: Sleeping          |    16 |     8 ||    24
  Eat: Chunk             |     1 |     4 ||     5
